 Dungeon Crawl Stone Soup version 0.29.1-2-gbd0b4ee654 (webtiles) character file.

Game seed: 1761001416683676032

22041 kingsuperguy the Impaler (level 12, -11/113 HPs)
             Began as a Minotaur Berserker on Nov 16, 2022.
             Was a High Priest of Trog.
             Mangled by a death yak (20 damage)
             ... on level 3 of the Lair of Beasts on Nov 17, 2022.
             The game lasted 00:42:05 (14947 turns).

kingsuperguy the Impaler (Minotaur Berserker)      Turns: 14947, Time: 00:42:18

Health: -11/113    AC: 20    Str: 26    XL:     12   Next: 59%
Magic:  11/11      EV: 10    Int: 10    God:    Trog [*****.]
Gold:   953        SH:  0    Dex: 11    Spells: 11/11 levels left

rFire   + . .      SeeInvis .   J - +2 spear (flame)
rCold   . . .      Faith    .   (no shield)
rNeg    . . .      Spirit   .   L - +3 chain mail
rPois   .          Reflect  .   (helmet restricted)
rElec   .          Harm     .   D - +0 cloak
rCorr   .          Rampage  .   X - +2 pair of gloves
Will    .....                   (no boots)
Stlth   ..........              U - amulet of the acrobat
HPRegen 0.28/turn               N - ring of protection from fire
MPRegen 0.12/turn               Z - +6 ring of intelligence

@: about to teleport, on berserk cooldown, slowed, very slow
A: horns 2, retaliatory headbutt
a: Renounce Religion, Berserk, Trog's Hand, Brothers in Arms


You were on level 3 of the Lair of Beasts.
You worshipped Trog.
Trog was extremely pleased with you.
You visited 2 branches of the dungeon, and saw 12 of its levels.
You also visited: Ossuary, Bailey and Volcano.

You collected 953 gold pieces.

Inventory:

Hand Weapons
 b - a +0 hand crossbow of flaming
 g - a +3 antimagic bardiche
 p - a +4 halberd of protection
 C - the +4 hammer of the Head {vorpal, *Rage Dex+8}
   (You found it on level 4 of the Dungeon)

   It inflicts extra damage upon your enemies.
   Dex:       It affects your dexterity (+8).
   *Rage:     It berserks you when you make melee attacks (+20% chance).
 J - a +2 spear of flaming (weapon)
 P - a +3 arbalest
 Q - a +1 demon whip of venom
 T - a +1 short sword of freezing
Missiles
 c - 18 poisoned darts (quivered)
 f - 2 throwing nets
 q - 5 datura-tipped darts
 M - 14 boomerangs
Armour
 s - a +2 ring mail of fire resistance
 D - a +0 cloak (worn)
 L - a +3 chain mail (worn)
 R - a +3 leather armour of fire resistance
 S - +0 steam dragon scales
 X - a +2 pair of gloves (worn)
Jewellery
 a - a ring of ice
 e - an amulet of reflection
 N - a ring of protection from fire (left hand)
 U - an amulet of the acrobat (around neck)
 Z - a +6 ring of intelligence (right hand)
Wands
 F - a wand of roots (16)
 O - a wand of light (14)
Scrolls
 d - a scroll of enchant weapon
 h - a scroll of summoning
 i - 2 scrolls of noise
 k - 2 scrolls of fear
 m - 2 scrolls of identify
 n - 2 scrolls of teleportation
 o - a scroll of torment
 t - 4 scrolls of immolation
 v - 2 scrolls of blinking
 y - a scroll of magic mapping
 z - 2 scrolls of poison
 E - a scroll of silence
 G - a scroll of acquirement
 I - a scroll of amnesia
 V - a scroll of butterflies
Potions
 j - 4 potions of haste
 l - a potion of experience
 r - 4 potions of heal wounds
 u - a potion of berserk rage {unknown}
 w - 3 potions of attraction {unknown}
 x - 3 potions of lignification
 A - 2 potions of might
 B - 5 potions of curing
 H - 3 potions of mutation {unknown}
 K - 3 potions of degeneration {unknown}
 W - a potion of flight {unknown}
 Y - a potion of magic {unknown}


   Skills:
 + Level 12.5 Fighting
 + Level 17.8 Polearms
 + Level 0.7 Throwing
 + Level 11.7 Armour
 + Level 5.8 Dodging
 + Level 2.8 Stealth
 + Level 0.1 Evocations


You had 11 spell levels left.
You didn't know any spells.
Your spell library was empty.

Dungeon Overview and Level Annotations

Branches:
Dungeon (9/15)             Temple (0/1) D:4            Lair (3/5) D:9
  Snake (0/4) Lair:2      Ossuary (visited)          Bailey (visited)
Volcano (visited)
  Swamp: Lair:2-3    Shoals: Lair:2-3       Orc: D:9-12

Altars:
Dithmenos
Gozag
Kikubaaqudgha
Makhleb
Okawaru
Ru
Wu Jian
Xom
Zin
The Shining One

Shops:
D:1 [   D:3 (::[?   D:4 (   D:7 *

Annotations:
D:9 1 runed translucent door, miserystealer's ghost, novice GnHu


Innate Abilities, Weirdness & Mutations

You have a pair of horns on your head.
You reflexively headbutt those who attack you in melee.


Message History

The eight-headed hydra completely misses you.
The eight-headed hydra barely misses you.
The eight-headed hydra bites you but does no damage.
The eight-headed hydra closely misses you. x2
The eight-headed hydra misses you.
The eight-headed hydra completely misses you.
The eight-headed hydra bites you but does no damage.
The eight-headed hydra attacks as you move away!
The eight-headed hydra bites you!
* * * LOW HITPOINT WARNING * * *
The eight-headed hydra misses you.
The eight-headed hydra completely misses you. x2
The eight-headed hydra misses you.
The eight-headed hydra completely misses you. x3
The death yak barely misses you. You furiously retaliate!
You headbutt the death yak. The death yak attacks as you move away!
The death yak completely misses you.
The eight-headed hydra bites you but does no damage.
The eight-headed hydra misses you.
The eight-headed hydra completely misses you.
The eight-headed hydra barely misses you.
The eight-headed hydra misses you. The eight-headed hydra bites you.
* * * LOW HITPOINT WARNING * * *
The eight-headed hydra misses you. x2
There is a shaft here.
The death yak gores you but does no damage.
As you read the scroll of teleportation, it crumbles to dust.
You feel strangely unstable. The eight-headed hydra bites you!
* * * LOW HITPOINT WARNING * * *
The eight-headed hydra closely misses you.
The eight-headed hydra bites you but does no damage.
The eight-headed hydra bites you!
* * * LOW HITPOINT WARNING * * *
The eight-headed hydra bites you but does no damage.
The eight-headed hydra barely misses you.
The eight-headed hydra bites you but does no damage.
The eight-headed hydra bites you.
* * * LOW HITPOINT WARNING * * *
The death yak gores you!!
You die...

P##.## .....#####
..~#..#~~# ~~~~~PP~##
~~~~♣~~~P### ### ###
≈≈≈~~~~~.#P..#P.####..#
♣~~P~~P..............###
~~~..##~#.#. #.........#
~~#..# # ###@#.#.#.#
~....### #.DYF...#.#
~......# #.D.....#.#
P~~.#### #.......#.##
~~.~~~### #..##~..#..#
♣~~~~P..# #..###..#..#
.~~♣~~P~# #..# #..#.#
P~~~PP~P~# #..###..†.##
~..~~~~~.# #..~##..#..#


You could see a death yak, an eight-headed hydra, a six-headed hydra and a cane
toad.

Vanquished Creatures
  An orc warlord (Bailey)
  A fire dragon (Volcano)
  2 hydras
  A death yak (Lair:3)
  A hell hog (Volcano)
  Amaemon (D:8)
  Pikel (D:9)
  A manticore (D:7)
  Joseph (D:9)
  Maurice (D:8)
  A black mamba (Lair:3)
  4 elephants (Lair:3)
  A cane toad (Lair:3)
  A kobold demonologist (D:9)
  An orange demon (D:8)
  Maggie (D:8)
  5 komodo dragons
  A rime drake (Lair:2)
  2 trolls
  A hornet (D:7)
  A shadow (D:9)
  2 wyverns
  A wraith (Ossuary)
  17 yaks
  A steam dragon (Volcano)
  7 fire bats (Volcano)
  A basilisk (Lair:1)
  Grum (D:8)
  4 nagas (Lair:2)
  7 water moccasins
  6 hell hounds
  3 orc warriors
  A black bear (D:7)
  An ogre (D:6)
  An ice beast (D:6)
  13 wolves
  3 centaurs (D:9)
  2 phantoms
  7 bullfrogs
  2 necrophages
  3 scorpions
  2 water moccasin zombies (Ossuary)
  8 killer bees
  3 electric eels
  10 howler monkeys
  6 lava snakes (Volcano)
  A bullfrog zombie (Ossuary)
  2 centaur zombies (Ossuary)
  9 hounds
  A jelly (D:5)
  6 orc priests
  A gnoll bouda (D:7)
  Crazy Yiuf (D:4)
  4 iguanas
  A scorpion zombie (Ossuary)
  8 orc wizards
  An ogre zombie (Ossuary)
  12 gnolls
  9 adders
  4 white imps
  2 ufetubi
  An adder zombie (Ossuary)
  3 worms
  23 orcs
  7 ball pythons
  3 bats
  8 endoplasms
  A giant cockroach (D:3)
  3 gnoll zombies (Ossuary)
  10 goblins
  10 hobgoblins
  4 jackals
  9 quokkas
  3 frilled lizards
  5 goblin zombies (Ossuary)
  3 hobgoblin zombies (Ossuary)
  18 kobolds
  3 orc zombies (Ossuary)
  5 rats
323 creatures vanquished.

Vanquished Creatures (others)
  A kobold (Bailey)
  16 fungi
  58 plants
75 creatures vanquished.

Grand Total: 398 creatures vanquished

Notes
Turn   | Place    | Note
-------+----------+-------------------------------------------
     0 | D:1      | kingsuperguy the Minotaur Berserker began the quest for the
                  | Orb.
     0 | D:1      | Reached XP level 1. HP: 19/19 MP: 0/0
   365 | D:1      | Reached XP level 2. HP: 7/27 MP: 1/1
   902 | D:1      | Found Weutaw's Armour Emporium.
   947 | D:1      | Reached skill level 4 in Polearms
  1275 | D:1      | Found a faded altar of an unknown god.
  1457 | D:2      | Reached XP level 3. HP: 33/33 MP: 2/2
  1775 | D:2      | Reached ** piety under Trog
  1849 | D:2      | Reached skill level 1 in Stealth
  1852 | D:2      | Reached XP level 4. HP: 35/40 MP: 3/3
  2572 | D:3      | Found Ibbiuk's Magic Scroll Boutique.
  2632 | D:3      | Reached skill level 5 in Polearms
  2724 | D:3      | Found Juemyr's Armour Shoppe.
  2826 | D:3      | Reached XP level 5. HP: 47/47 MP: 4/4
  2907 | D:3      | Found Irphuem's Weapon Shop.
  2993 | D:3      | Found Poun's Book Emporium.
  3084 | D:3      | Found Kesiseb's Book Shoppe.
  3227 | D:4      | Found a sand-covered staircase.
  3245 | Ossuary  | Entered an ossuary
  3278 | Ossuary  | Reached skill level 6 in Polearms
  3283 | Ossuary  | Reached *** piety under Trog
  3314 | Ossuary  | Reached XP level 6. HP: 41/55 MP: 5/5
  3442 | Ossuary  | Reached skill level 5 in Fighting
  3445 | Ossuary  | Reached skill level 7 in Polearms
  3516 | Ossuary  | Noticed a wraith
  3524 | Ossuary  | Killed a wraith
  3525 | Ossuary  | Reached skill level 8 in Polearms
  3525 | Ossuary  | Reached XP level 7. HP: 61/61 MP: 6/6
  3553 | Ossuary  | Noticed a silent spectre
  4002 | D:4      | Found a runed translucent door.
  4003 | D:4      | Noticed Crazy Yiuf
  4010 | D:4      | Killed Crazy Yiuf
  4016 | D:4      | Identified the +4 hammer of the Head {vorpal, *Rage Dex+8}
  4246 | D:4      | Found Xeguna's Weapon Emporium.
  4263 | D:4      | Reached skill level 9 in Polearms
  4513 | D:4      | Found a staircase to the Ecumenical Temple.
  4591 | D:4      | Found a burning altar of Makhleb.
  4781 | D:5      | Entered Level 5 of the Dungeon
  4788 | D:5      | Reached XP level 8. HP: 64/70 MP: 7/7
  5109 | D:5      | Reached skill level 10 in Polearms
  5115 | D:5      | Reached **** piety under Trog
  5589 | D:6      | Found a glowing silver altar of Zin.
  5957 | D:6      | Reached skill level 11 in Polearms
  6115 | D:6      | Found an iron altar of Okawaru.
  6323 | D:7      | Reached skill level 5 in Armour
  6329 | D:7      | Reached XP level 9. HP: 52/79 MP: 8/8
  6974 | D:7      | Found a shadowy altar of Dithmenos.
  7075 | D:7      | Found Tacwe's General Store.
  7158 | D:7      | Noticed a troll
  7160 | D:7      | Noticed a manticore
  7167 | D:7      | Reached skill level 12 in Polearms
  7177 | D:7      | Killed a manticore
  7179 | D:7      | Noticed a five-headed hydra
  7215 | D:7      | Killed a troll
  7416 | D:7      | Killed a five-headed hydra
  7417 | D:7      | Reached skill level 13 in Polearms
  7642 | D:8      | Noticed Grum
  7646 | D:8      | Killed Grum
  7647 | D:8      | Reached XP level 10. HP: 89/89 MP: 9/9
  7981 | D:8      | Noticed Maggie
  8010 | D:8      | Found a flagged portal.
  8040 | Bailey   | Entered a bailey
  8072 | Bailey   | Noticed an orc warlord
  8268 | Bailey   | Found a runed translucent gate.
  8268 | Bailey   | Found a runed translucent gate.
  8282 | Bailey   | Found a runed translucent gate.
  8365 | Bailey   | Killed an orc warlord
  8463 | D:8      | Reached ***** piety under Trog
  8472 | D:8      | Reached skill level 14 in Polearms
  8488 | D:8      | Reached skill level 10 in Fighting
  8760 | D:8      | Noticed Amaemon
  8760 | D:8      | Noticed an orange demon
  8765 | D:8      | Killed an orange demon
  8773 | D:8      | Killed Amaemon
  8774 | D:8      | Reached XP level 11. HP: 100/100 MP: 10/10
  8835 | D:8      | Killed Maggie
  8888 | D:8      | Noticed Maurice
  8898 | D:8      | Killed Maurice
  9060 | D:8      | Identified the +8 chain mail "Wefeomio" {Rampage rF++}
  9160 | D:9      | Reached skill level 15 in Polearms
  9184 | D:9      | Found an ancient bone altar of Kikubaaqudgha.
  9210 | D:9      | Found an ornate altar of the Wu Jian Council.
  9339 | D:9      | Found a staircase to the Lair.
  9611 | D:9      | Noticed Joseph
  9621 | D:9      | Killed Joseph
  9753 | D:9      | Noticed a deep elf pyromancer
  9769 | D:9      | Noticed Pikel
  9776 | D:9      | Killed Pikel
  9777 | D:9      | Reached skill level 5 in Dodging
  9937 | D:9      | Found a runed translucent door.
  9937 | D:9      | Found a shimmering altar of Xom.
  9937 | D:9      | Noticed miserystealer's ghost (novice GnHu)
  9937 | D:9      | Noticed a +2 dire flail of chaos
 10098 | D:9      | Found an opulent altar of Gozag.
 10101 | D:9      | Found a glowing golden altar of the Shining One.
 10167 | D:9      | Found a sacrificial altar of Ru.
 10278 | Lair:1   | Entered Level 1 of the Lair of Beasts
 10428 | Lair:1   | Reached skill level 16 in Polearms
 11204 | Lair:2   | Found a staircase to the Snake Pit.
 11207 | Lair:2   | Reached skill level 10 in Armour
 11575 | Lair:2   | Found a dark tunnel.
 11595 | Volcano  | Entered a volcano
 11765 | Volcano  | Received a gift from Trog
 11943 | Volcano  | Noticed a fire dragon
 11958 | Volcano  | Killed a fire dragon
 11959 | Volcano  | Reached XP level 12. HP: 43/110 MP: 3/11
 11974 | Volcano  | Noticed a hell hog
 12360 | Volcano  | Killed a hell hog
 12488 | Volcano  | Found a bloodstained altar of Trog.
 12556 | Volcano  | Found a radiant altar of Vehumet.
 12939 | Lair:2   | Identified a scroll of acquirement
 13056 | Lair:3   | Reached skill level 17 in Polearms
 13066 | Lair:3   | HP: 4/112 [poisoned by a cane toad]
 14751 | Lair:3   | Noticed an eight-headed hydra
 14762 | Lair:3   | Killed an eight-headed hydra
 14923 | Lair:3   | Noticed a death yak
 14924 | Lair:3   | Noticed a death yak
 14925 | Lair:3   | Noticed an eight-headed hydra
 14927 | Lair:3   | Noticed a six-headed hydra
 14931 | Lair:3   | Killed a death yak
 14947 | Lair:3   | Mangled by a death yak

Illustrated notes

Levels and vault maps discovered:
D:1:      dpeg_arrival_another_circle, layout_loops_corners,
          hellmonk_ecumenical_altar_leap_of_faith, serial_shops,
          nicolae_shop_trees, reono_crystal_passage
D:2:      layout_loops_ring
D:3:      layout_rooms, serial_shops, nicolae_shop_hallway_plus, shop,
          nicolae_shop_window_shopping, shop_fountains,
          nicolae_shop_hallway_plus
D:4:      nicolae_BIG_FREAKIN_CUBE, layout_gridville,
          nicolae_overflow_crystal_walls, temple_statues, serial_shops,
          shop_fountains, enter_ossuary_1, uniq_crazy_yiuf_cottage
D:5:      layout_loops_ring
D:6:      layout_rooms, general_overflow_altar, zin_statuary,
          grunt_ministairs_15
D:7:      minmay_chambers_of_sixes, layout_cave_pods,
          mainiacjoe_overflow_brackets, serial_shops, nicolae_diamond_shop
D:8:      layout_loops_ring, enter_bailey_2, uniq_grum, uniq_amaemon,
          uniq_maggie, uniq_maurice
D:9:      layout_cave_pools, lemuel_tele_altar, old_standard_altar, minitemple,
          erik_lair_island, ebering_ghost_xom, uniq_joseph, uniq_pikel
Lair:1:   layout_regular_city, infiniplex_staircase_pool_2
Lair:2:   layout_loops_ring, minmay_snake_entry_guardpost_small,
          enter_volcano_3, chequers_serial_rivers_micro_a
Lair:3:   statuecave_lemuel, layout_loops_ring, swamp_mist_pool,
          serial_bayou_lagoon_a, hangedman_lair_generics_rect,
          infiniplex_staircase_pool

Skill      XL: |  1  2  3  4  5  6  7  8  9 10 11 12 |
---------------+-------------------------------------+-----
Fighting       | 4 5 6 7 8 10 11 12 | 12.5
Polearms       | 4 5 6 8 9 11 13 14 16 17 | 17.8
Stealth        | 1 2 |  2.8
Dodging        | 3 4 5 |  5.8
Armour         | 3 5 7 9 10 11 | 11.7
Throwing       | |  0.7
Evocations     | |  0.1

Action                   |  1- 3 |  4- 6 |  7- 9 | 10-12 || total
-------------------------+-------+-------+-------+-------++-------
Melee: Spear             |    84 |       |     8 |    26 ||   118
       Headbutt          |     5 |    21 |    24 |    72 ||   122
       Trident           |    15 |    51 |       |       ||    66
       Punch             |       |     1 |       |     1 ||     2
       Halberd           |       |    85 |   202 |   373 ||   660
       Bardiche          |       |       |       |   116 ||   116
Throw: Dart              |       |       |     2 |     3 ||     5
Invok: Berserk           |     2 |     2 |     4 |     7 ||    15
Evoke: Wand              |       |       |       |     2 ||     2
  Use: Scroll            |       |       |       |    23 ||    23
       Potion            |       |       |       |     2 ||     2
 Stab: Sleeping          |     5 |     3 |       |       ||     8
       Distracted        |       |       |       |     1 ||     1
Armor: Animal skin       |     5 |    10 |       |       ||    15
       Chain mail        |       |    49 |    95 |   282 ||   426
Dodge: Dodged            |    37 |    60 |    63 |   249 ||   409
